 Dungeon Crawl Stone Soup version 0.31-a0-4-gefa6de2278 (webtiles) character file.

Game seed: 5675047459445189708

523 ytrimaz the Magician (level 7, -5/60 HPs)
             Began as a Djinni Fire Elementalist on May 3, 2023.
             Slain by a gnoll
             ... wielding a +0 flail
             ... led by a gnoll bouda
              (8 damage)
             ... on level 5 of the Dungeon.
             The game lasted 00:05:22 (3836 turns).

ytrimaz the Magician (Djinni Fire Elementalist)     Turns: 3836, Time: 00:05:23

Health: -5/60      AC: 23    Str:  7    XL:     7   Next: 46%
Gold:   259        EV:  2    Int: 25    God:
                   SH:  0    Dex: 13

rFire   . . .        (no weapon)
rCold   . . .        (no shield)
rNeg    . . .        a - melded +0 robe
rPois   ∞            (helmet currently unavailable)
rElec   .            (cloak currently unavailable)
rCorr   .            (gloves currently unavailable)
SInv    +            (boots unavailable)
Will    .....        (no amulet)
Stlth   ++           c - +6 ring of intelligence
HPRegen 0.30/turn    b - ring of see invisible
MPRegen 0.00/turn

%: infuse magic (-6 HP)
@: tree-form
A: stationary, stasis, torment immunity, boosted hp, sickness immunity, (fire
resistance 2), (cold vulnerability 1), float, innate caster, HP casting, extra
vitality 1, frail 1
a: no special abilities


You were on level 5 of the Dungeon.
You were a tree.
You visited 2 branches of the dungeon, and saw 6 of its levels.

You collected 259 gold pieces.


Innate Abilities, Weirdness & Mutations

You are a tree.
Your roots penetrate the ground, keeping you stationary.
You cannot be teleported.
You are immune to unholy pain and torment.
Your maximum health is greatly increased.
Your equipment is partially melded.
You are immune to sickness and miasma.
You are immune to poison.
((Your flesh is very heat resistant. (rF++)))
((You are vulnerable to cold. (rC-)))
You float through the air rather than walking.
You learn spells naturally, not from books.
Your magical power is your life essence.
You have superior vitality. (+4 MHP)
You are frail. (-10% HP)


   Skills:
 + Level 5.0 Dodging
 - Level 1.5 Stealth
 * Level 5.2 Spellcasting


You knew the following spells:

 Your Spells              Type           Power      Damage    Failure   Level
a - Foxfire               Conj/Fire      100%       2x1d9     1%          1
b - Scorch                Fire           64%        2d8       1%          2
c - Volatile Blastmotes   Fire/Tloc      64%        2d15      2%          3
d - Flame Wave            Conj/Fire      32%        2d9       9%          4
e - Inner Flame           Hex/Fire       32%        N/A       2%          3
f - Summon Small Mammal   Summ           100%       N/A       1%          1
g - Ensorcelled Hibernat  Hex/Ice        64%        N/A       1%          2
h - Vhi's Electric Charg  Tloc/Air       64%        N/A       2%          3
Your spell library was empty.

Inventory:

Armour
 a - a +0 robe (melded)
 l - an orb of mayhem
   (You found it on level 2 of the Dungeon)
Jewellery
 b - a ring of see invisible (right branch)
   (You found it on level 1 of the Dungeon)
 c - a +6 ring of intelligence (left branch)
   (You found it on level 1 of the Dungeon)
 n - a ring of positive energy
   (You found it on level 2 of the Dungeon)
Wands
 e - a wand of flame (12)
   (You took it off an orc wizard on level 4 of the Dungeon)
 f - a wand of iceblast (13)
   (You took it off Ijyb on level 3 of the Dungeon)
 i - a wand of acid (9)
   (You found it on level 3 of the Dungeon)
Scrolls
 d - a scroll of noise
 m - a scroll of identify {unknown}
Potions
 g - a potion of flight {unknown}
 j - a potion of attraction {unknown}
 k - a potion of degeneration {unknown}
 o - a potion of lignification
 p - a potion of cancellation {unknown}
 q - a potion of haste {unknown}
 r - a potion of invisibility {unknown}

Dungeon Overview and Level Annotations

Branches:
Dungeon (5/15) Zot: 26301  Temple (1/1) D:4 Zot: 5861

Altars:
Cheibriados
Elyvilon
Makhleb
Qazlal
Ru
Uskayaw
Wu Jian
Yredelemnul
Zin

### #.#.......#
#.#.##.##.#
#.#.##.##.##
########.#.........
............#######
######.....#
#......# ##.....#
##♣#..# #g##.#
#O##.#
##g##.#######
##...#........
##.....##...#.#
##.......###.#
#.........# ..
+.........+ #.


You could see an ogre (inner flame) and 2 gnolls.


Message History

😕 HP[-2]
You take 2 damage, and now have 35/40 hp.
Casting: Scorch (safe; 1% risk of failure)
Confirm with . or Enter, or press ? or * to list all spells.
Flames lash the gnoll bouda.
The gnoll bouda's fire resistance burns away.
The gnoll bouda gazes fiercely through you!
You feel as though you will be weak longer. 😕 HP[-1]
You take 1 damage, and now have 34/40 hp.
Unknown command.
Casting: Scorch (safe; 1% risk of failure)
Confirm with . or Enter, or press ? or * to list all spells.
Flames lash the gnoll bouda.
The gnoll bouda is burned terribly!
An ogre comes into view. It is wielding a +0 giant club.
The gnoll bouda hits you with a +0 mace. 😮 HP[-7]
You take 7 damage, and now have 27/40 hp.
Casting: Scorch (safe; 1% risk of failure)
Confirm with . or Enter, or press ? or * to list all spells.
Flames lash the gnoll bouda.
The gnoll bouda is burned terribly!
You kill the gnoll bouda! 😮 HP[-2]
You take 2 damage, and now have 25/40 hp.
Unknown command.
Casting: Scorch (safe; 1% risk of failure)
Confirm with . or Enter, or press ? or * to list all spells.
Flames lash the gnoll.
The gnoll's fire resistance burns away.
The gnoll barely misses you. 😮 HP[-1]
You take 1 damage, and now have 24/40 hp.
Unknown command.
The gnoll attacks as you move away! The gnoll misses you.
The gnoll attacks as you move away! The gnoll barely misses you.
The gnoll is no longer more vulnerable to fire.
The gnoll attacks as you move away! The gnoll closely misses you. 😮 HP[+1]
The gnoll attacks as you move away! The gnoll completely misses you.
You reach down and open the door.
The gnoll barely misses you.
The gnoll hits you with a +0 whip. 😮 HP[-2]
You take 2 damage, and now have 23/40 hp.
The gnoll attacks as you move away! The gnoll hits you with a +0 whip.
* * * LOW HITPOINT WARNING * * *
Your attacks no longer feel as feeble.
There is an open door here. 😨 HP[-4]
You take 4 damage, and now have 19/40 hp.
The gnoll attacks as you move away! The gnoll barely misses you.
Casting: Scorch (safe; 1% risk of failure)
Confirm with . or Enter, or press ? or * to list all spells.
Aiming: Inner Flame (dangerous; 2% risk of failure)
Press: ? - help, Dir - move target, f - gnoll
Aim: a gnoll, wielding a +0 flail (chance to affect: 90%)
The gnoll is filled with an inner flame.
* * * LOW HITPOINT WARNING * * *
The gnoll hits you with a +0 flail!
* * * LOW HITPOINT WARNING * * *
😱 HP[-9]
You take 9 damage, and now have 10/40 hp.
MASSIVE DAMAGE!! (PAUSE) It was a potion of curing.
You feel better. The gnoll closely misses you. 😨 HP[+5]
You regained 5 hp, and now have 15/40 hp.
Casting: Inner Flame (dangerous; 2% risk of failure)
Confirm with . or Enter, or press ? or * to list all spells.
Aiming: Inner Flame (dangerous; 2% risk of failure)
Press: ? - help, Dir - move target, f - ogre, p - gnoll
Aim: an ogre, wielding a +0 giant club (chance to affect: 85%)
The gnoll is already burning with an inner flame!
Casting: Inner Flame (dangerous; 2% risk of failure)
Confirm with . or Enter, or press ? or * to list all spells.
Aiming: Inner Flame (dangerous; 2% risk of failure)
Press: ? - help, Dir - move target, f - ogre, p - gnoll
Aim: an ogre, wielding a +0 giant club (chance to affect: 85%)
The ogre barely resists.
* * * LOW HITPOINT WARNING * * *
The gnoll closely misses you. 😨 HP[-3]
You take 3 damage, and now have 12/40 hp.
Unknown command.
Casting: Inner Flame (dangerous; 2% risk of failure)
Confirm with . or Enter, or press ? or * to list all spells.
Aiming: Inner Flame (dangerous; 2% risk of failure)
Press: ? - help, Dir - move target, f/p - ogre
Aim: an ogre, wielding a +0 giant club (chance to affect: 85%)
The ogre is filled with an inner flame.
* * * LOW HITPOINT WARNING * * *
The gnoll hits you with a +0 flail!
* * * LOW HITPOINT WARNING * * *
😱 HP[-11]
You take 11 damage, and now have 1/40 hp.
MASSIVE DAMAGE!! (PAUSE)
Okay, then.
Okay, then. 😱 HP[+1] It was a potion of lignification.
You turn into a tree.
Your +0 robe melds into your body.
Your roots penetrate the ground.
The gnoll hits you with a +0 flail!
You die...

Skill      XL: |  1  2  3  4  5  6  7 |
---------------+----------------------+-----
Spellcasting   | 3 4 5 |  5.2
Dodging        | 3 4 5 |  5.0
Stealth        | |  1.5

Action                     |  1- 3 |  4- 6 |  7- 9 || total
---------------------------+-------+-------+-------++-------
  Melee: Unarmed           |     4 |     1 |       ||     5
   Cast: Foxfire           |   109 |   126 |    17 ||   252
         Inner Flame       |       |    12 |     7 ||    19
         Scorch            |       |     8 |     5 ||    13
    Use: Potion            |     1 |     1 |     2 ||     4
         Scroll            |     1 |     8 |     2 ||    11
 Armour: Robe              |     3 |     2 |     1 ||     6
  Dodge: Dodged            |    14 |    16 |    10 ||    40

Levels and vault maps discovered:
D:1:      scummos_arrival_forest, layout_rooms, chequers_ecumenical_altar_grove,
          minmay_misc_feat_roman, nicolae_kite_square_tiling_tiny
D:2:      layout_loops_ring
D:3:      layout_rooms, ebering_dispersal_statue_hall, saegor_snake_ambush,
          uniq_ijyb
D:4:      layout_gridville, grunt_temple_overflow_magic_moments,
          minmay_temple_entry_glass
D:5:      layout_loops_corners, sigmund_edmund_badplayer
Temple:   kb_temple_of_zot

Notes
Turn   | Place    | Note
-------+----------+-------------------------------------------
     0 | D:1      | ytrimaz the Djinni Fire Elementalist began the quest for
                  | the Orb.
     0 | D:1      | ytrimaz set off with the following spells memorised:
                  | Foxfire, Scorch, Volatile Blastmotes, Inner Flame, Flame
                  | Wave.
     0 | D:1      | Reached XP level 1. HP: 15/15 MP: 0/0
     0 | D:1      | magus.rc [v1.9.6]
   140 | D:1      | Gained mutation: You occasionally lose the ability to read
                  | scrolls when taking damage. [potion of mutation]
   140 | D:1      | Gained mutation: You are agile. (Dex +4, Str/Int -1)
                  | [potion of mutation]
   144 | D:1      | Reached XP level 2. HP: 10/21 MP: 0/0
   516 | D:1      | Reached XP level 3. HP: 22/25 MP: 0/0
   516 | D:1      | Learned a level 1 spell: Summon Small Mammal
   517 | D:1      | Reached skill level 3 in Spellcasting
   736 | D:1      | Found a faded altar of an unknown god.
   993 | D:2      | Reached skill level 3 in Dodging
  1051 | D:2      | Reached XP level 4. HP: 23/31 MP: 0/0
  1852 | D:3      | Noticed Ijyb
  1857 | D:3      | Killed Ijyb
  1858 | D:3      | Reached XP level 5. HP: 27/35 MP: 0/0
  1858 | D:3      | Learned a level 2 spell: Ensorcelled Hibernation
  2010 | D:3      | Reached skill level 4 in Spellcasting
  2081 | D:3      | Lost mutation: You are agile. (Dex +4, Str/Int -1) [potion
                  | of mutation]
  2081 | D:3      | Lost mutation: You occasionally lose the ability to read
                  | scrolls when taking damage. [potion of mutation]
  2081 | D:3      | Gained mutation: You are frail. (-10% HP) [potion of
                  | mutation]
  2412 | D:4      | Reached XP level 6. HP: 31/36 MP: 0/0
  2449 | D:4      | Reached skill level 4 in Dodging
  2567 | D:4      | Found a staircase to the Ecumenical Temple.
  2590 | Temple   | Entered the Ecumenical Temple
  2895 | D:4      | HP: 4/36 [cloud of flame (8)]
  2896 | D:4      | Reached XP level 7. HP: 5/40 MP: 0/0
  2896 | D:4      | Learned a level 3 spell: Vhi's Electric Charge
  3690 | D:5      | Entered Level 5 of the Dungeon
  3773 | D:5      | Reached skill level 5 in Spellcasting
  3816 | D:5      | Reached skill level 5 in Dodging
  3831 | D:5      | HP: 10/40 [gnoll/+0 flail[a gnoll bouda] (7)]
  3834 | D:5      | HP: 1/40 [gnoll/+0 flail[a gnoll bouda] (8)]
  3836 | D:5      | Slain by a gnoll

Vanquished Creatures
  An ogre (D:5)
  A scorpion (D:4)
  An orc priest (D:4)
  A gnoll bouda (D:5)
  A sleepcap (D:5)
  Ijyb (D:3)
  3 orc wizards (D:4)
  4 gnolls
  4 adders
  A worm (D:2)
  4 dart slugs
  12 orcs
  5 ball pythons
  2 bats
  4 endoplasms
  7 giant cockroaches
  9 goblins
  9 hobgoblins
  17 jackals
  4 quokkas
  2 frilled lizards (D:3)
  6 kobolds
  8 rats
107 creatures vanquished.

Vanquished Creatures (others)
  410 foxfires
  2 plants (D:3)
412 creatures vanquished.

Grand Total: 519 creatures vanquished

Table legend:
 A = Non-vault XP
 B = Vault XP
 C = Vault XP percentage of total XP
 D = Non-vault monster count
 E = Vault monster count
 F = Vault count percentage of total count
                 A         B        C        D         E       F
            +---------+---------+-------+---------+---------+-------
      Total |     698 |      50 |   6.7 |     104 |       3 |   2.8
            +---------+---------+-------+---------+---------+-------
        D:1 |      43 |       0 |   0.0 |      25 |       0 |   0.0
        D:2 |      76 |       0 |   0.0 |      27 |       0 |   0.0
        D:3 |      66 |      50 |  43.1 |      16 |       3 |  15.8
        D:4 |     306 |       0 |   0.0 |      32 |       0 |   0.0
        D:5 |     207 |       0 |   0.0 |       4 |       0 |   0.0
            +---------+---------+-------+---------+---------+-------

Skill      XL: |  1  2  3  4  5  6  7 |
---------------+----------------------+-----
Spellcasting   | 3 4 5 |  5.2
Dodging        | 3 4 5 |  5.0
Stealth        | |  1.5

Action                     |  1- 3 |  4- 6 |  7- 9 || total
---------------------------+-------+-------+-------++-------
  Melee: Unarmed           |     4 |     1 |       ||     5
   Cast: Foxfire           |   109 |   126 |    17 ||   252
         Inner Flame       |       |    12 |     7 ||    19
         Scorch            |       |     8 |     5 ||    13
    Use: Potion            |     1 |     1 |     2 ||     4
         Scroll            |     1 |     8 |     2 ||    11
 Armour: Robe              |     3 |     2 |     1 ||     6
  Dodge: Dodged            |    14 |    16 |    10 ||    40

Illustrated notes

Table legend:
 A = Kills in this place as a percentage of kills in the entire game.
 B = Kills by you in this place as a percentage of kills by you in the entire game.
 C = Kills by friends in this place as a percentage of kills by friends in the entire game.
 D = Other kills in this place as a percentage of other kills in the entire game.
 E = Experience gained in this place as a percentage of experience gained in the entire game.
 F = Experience gained in this place divided by the number of levels of this place that you have seen.
                   A       B       C       D       E      F
               +-------+-------+-------+-------+-------+----------------------
         Total | 100.0 | 100.0 |   N/A |   N/A | 100.0 | 124.7
       Dungeon | 100.0 | 100.0 |   N/A |   N/A | 100.0 | 149.6
               +-------+-------+-------+-------+-------+----------------------

Table legend: (Time is in decaauts)
 A = Elapsed time spent in this place.
 B = Non-inter-level travel time spent in this place.
 C = Inter-level travel time spent in this place.
 D = Time resting spent in this place.
 E = Time spent auto-exploring this place.
 F = Levels seen in this place.
 G = Mean time per level.
                   A        B        C        D        E       F      G
               +--------+--------+--------+--------+--------+-----+--------+
         Total |   3835 |   3719 |    116 |    380 |   2707 |   6 |  639.2 |
       Dungeon |   3697 |   3601 |     96 |    380 |   2598 |   5 |  739.4 |
        Temple |    138 |    118 |     20 |      0 |    109 |   1 |  138.0 |
               +--------+--------+--------+--------+--------+-----+--------+

Top non-repeatable levels by time:
     D:4: 1144 daAuts
     D:2: 987 daAuts
     D:1: 772 daAuts
     D:3: 646 daAuts
     D:5: 145 daAuts
  Temple: 138 daAuts
